Map: Ever Dream LE

Players

antagomiR

  • Race: Protoss Protoss
  • League: Gold
  • Spawn Location: 7:00

Unerwunscht - Winner!

  • Race: Terran Terran
  • League: Gold
  • Spawn Location: 1:00

VOD

Have the link to the VOD?

Description

Time

  • Played on: April 4, 2020, 6:02 p.m.
  • Length: 4:43
Show
View Real Time Build Order
Export as new Build Order

antagomiR Protoss 

Build Orders:  

Get SALT Encoding   

  12  0:01  Probe  
  13  0:14  Pylon  
  13  0:17  Probe  
  14  0:30  Probe  
  15  0:37  Gateway  
  15  0:42  Probe  
  16  0:47  Assimilator  
  16  0:54  Probe  
  17  1:01  Assimilator  
  17  1:06  Probe  
  18  1:18  Probe  
  18  1:24  Cybernetics Core  
  19  1:30  Probe  
  20  1:42  Probe  
  21  1:54  Warp Gate (Chrono Boost)  
  21  1:55  Probe  
  22  2:07  Probe  
  23  2:11  Pylon  
  23  2:29  Probe, Adept  
  26  2:39  Robotics Facility  
  26  2:41  Probe  
  27  2:53  Probe  
  28  2:59  Stalker  
  28  3:00  Nexus  
  30  3:06  Probe  
  31  3:15  Pylon  
  31  3:33  Probe  
  32  3:45  Probe  
  33  3:51  Shield Battery  
  33  3:52  Stalker  
  35  3:56  Observer  
  35  3:58  Probe  
  33  4:10  Probe  
  32  4:17  Stalker  
  32  4:22  Probe  
Show
View Real Time Build Order
Export as new Build Order

Unerwunscht Terran - Winner!

Build Orders:  

Get SALT Encoding   

  12  0:02  SCV  
  13  0:14  Supply Depot  
  13  0:19  SCV  
  14  0:31  SCV  
  15  0:43  SCV  
  15  0:47  Refinery  
  15  0:49  Barracks  
  16  0:57  Supply Depot  
  16  1:00  SCV  
  17  1:07  Refinery  
  17  1:12  SCV  
  18  1:24  SCV  
  19  1:29  Supply Depot  
  19  1:37  SCV  
  19  1:39  Barracks Tech Lab  
  20  1:49  SCV  
  21  1:57  Factory  
  21  2:01  SCV  
  22  2:06  Barracks  
  22  2:09  Concussive Shells  
  22  2:13  SCV  
  23  2:20  Marauder  
  25  2:25  SCV  
  26  2:33  Supply Depot  
  26  2:45  Supply Depot  
  26  2:52  Factory Tech Lab  
  26  2:53  Marauder  
  26  2:54  Barracks Reactor  
  28  3:09  Bunker  
  28  3:12  Siege Tank  
  31  3:14  Marauder  
  33  3:30  Marine x2  
  35  3:38  Marauder  
  36  3:49  Siege Tank  
  36  3:51  Orbital Command  
  39  3:58  Marine x2  
  39  3:59  Marauder  
Tags
 
League
GoldGold
Matchup
PvT
Replay Pack
20200422
Spawn Locations
Cross Positions
Add a new tag
Caveats
  • Supply blocks, unpowered buildings, or Contaminate may cause inaccurate times.
  • Supply counts are checked every 10 seconds.